 Dungeon Crawl Stone Soup version 0.14-a0-519-g334afa2 (webtiles) character file.

113 PolkaDot the Grave Robber (level 2, -3/19 HPs)
             Began as a Vampire Necromancer on Nov 1, 2013.
             Slain by an adder (5 damage)
             ... on Level 3 of the Dungeon.
             The game lasted 00:07:15 (958 turns).

PolkaDot the Grave Robber (Vampire Necromancer)      Turns: 958, Time: 00:07:15

HP  -3/19        AC  2     Str  7      XL: 2   Next: 89%
MP   1/5         EV 12     Int 17      God:
Gold 87          SH  0     Dex 14      Spells:  1 memorised,  2 levels left

Res.Fire  : . . .   See Invis. : +   f - +0 dagger
Res.Cold  : . . .   Warding    : .   a - +0 robe
Life Prot.: . . .   Conserve   : .   (no shield)
Res.Poison: .       Res.Corr.  : .   (no helmet)
Res.Elec. : .       Clarity    : .   (no cloak)
Sust.Abil.: . .     Spirit.Shd : .   (no gloves)
Res.Mut.  : +       Stasis     : .   (no boots)
Res.Rott. : .       Flight     : .   i - amulet of resist mutation {unknown}
Saprovore : . . .                    (no ring)
                                     (no ring)

@: regenerating quickly, not resistant to hostile enchantments, stealthy
A: fangs 3, see invisible, unbreathing
a: no special abilities


You were on level 3 of the Dungeon.
You were very full.

You visited 1 branch of the dungeon, and saw 3 of its levels.

You collected 87 gold pieces.

Inventory:

Hand weapons
 f - a +0,+0 dagger (weapon)
Armour
 a - a +0 robe (worn)
Scrolls
 d - 2 scrolls of identify {unknown}
 e - a scroll of curse weapon {unknown}
 h - a scroll of teleportation {unknown}
 j - 2 scrolls of magic mapping {unknown}
 l - a scroll of fog {unknown}
 m - a scroll of enchant armour {unknown}
Jewellery
 i - an amulet of resist mutation (around neck) {unknown}
Potions
 c - a potion of blood
 g - a potion of heal wounds {unknown}
 k - 2 potions of paralysis {unknown}
Books
 b - a book of Necromancy

   Spells                             Type                      Level
   *Pain                              Necromancy                   1
   Animate Skeleton                   Necromancy                   1
   Lethal Infusion                    Charms/Necromancy            2
   Vampiric Draining                  Necromancy                   3
   Regeneration                       Charms/Necromancy            3
   Animate Dead                       Necromancy                   4
   Control Undead                     Necromancy                   4


   Skills:
 - Level 2.1 Dodging
 - Level 3.0 Stealth
 - Level 1.0 Spellcasting
 * Level 5.4 Necromancy


You had 2 spell levels left.
You knew the following spells:

 Your Spells              Type           Power        Failure   Level  Hunger
a - Pain                  Necr           ###.         2%          1    ##.....


Dungeon Overview and Level Annotations

Branches:
Dungeon (3/27)

Altars:
Yredelemnul
Zin

Annotations:
D:2 Sigmund


Innate Abilities, Weirdness & Mutations

Your natural rate of healing is unusually fast.
You have razor-sharp teeth.
You have supernaturally acute eyesight.
You can survive without breathing.


Message History

Press: ? - help, Shift-Dir - straight line, f/p - adder
Aim: an adder (heavily wounded)
The adder convulses in agony!
The adder bites you. The kobold hits you with a club.
* * * LOW HITPOINT WARNING * * *
The adder bites you.
* * * LOW HITPOINT WARNING * * *
You miss the adder. Your bite misses the adder.
The adder is almost dead.
The adder closely misses you.
You hit the adder but do no damage.
The adder is almost dead.
The adder barely misses you.
You completely miss the adder.
The adder is almost dead.
The adder closely misses you.
You barely miss the adder.
The adder is almost dead.
The adder bites you.
You die...

.. . .)#. #... #$.# #
#..###.# ####.#.(....#
#.....Kg# #####
###.##.##S# ##...##
.........@# ##[....##
.......##.######.......#
##.## #..........<...###
#.#####..#####..........
#........# ##.....####
########.# #.....## #.##
#.##.## #..# #.##..#
##.# #..##'##


You could see an adder, a hobgoblin and a kobold.

Vanquished Creatures
  A giant gecko (D:1)
  An ooze (D:1)
  A giant cockroach (D:1)
  3 hobgoblins
  4 jackals (D:1)
  3 bats
  5 giant newts (D:1)
  2 goblins (D:1)
  3 kobolds
  3 rats (D:1)
26 creatures vanquished.

Notes
Turn   | Place    | Note
--------------------------------------------------------------
     0 | D:1      | PolkaDot, the Vampire Necromancer, began the quest for the Orb.
     0 | D:1      | Reached XP level 1. HP: 13/13 MP: 4/4
   365 | D:1      | Reached XP level 2. HP: 16/19 MP: 1/5
   366 | D:1      | Reached skill level 5 in Necromancy
   899 | D:2      | Noticed Sigmund
   913 | D:3      | Found a glowing silver altar of Zin.
   913 | D:3      | Found a basalt altar of Yredelemnul.
   958 | D:3      | Slain by an adder

Action                   || total
-------------------------++-------
Melee: Dagger            ||    21
 Cast: Pain              ||    36
